 Dungeon Crawl Stone Soup version 0.31-a0-198-g2ad674f65e (webtiles) character file.

Game seed: 13139203466990274256

12172 Zonian the Thaumaturge (level 11, -2/61 HPs)
             Began as a Deep Elf Ice Elementalist on June 25, 2023.
             Was a Priest of Ashenzari.
             Slain by a death yak (15 damage)
             ... on level 2 of the Lair of Beasts.
             The game lasted 00:45:09 (13184 turns).

Zonian the Thaumaturge (Deep Elf Ice Elementalist) Turns: 13184, Time: 00:45:09

Health: -2/61      AC: 17    Str:  5    XL:     11   Next: 59%
Magic:  33/41      EV: 21    Int: 23    God:    Ashenzari [***...]
Gold:   634        SH:  0    Dex: 17    Spells: 25/40 levels left

rFire   . . .        X - +1 mace of Infinity {venom, rCorr}
rCold   . . .        (no shield)
rNeg    . . .        a - +1 robe "Scepticism of Ashenzari" {Self, Elem} (curse)
rPois   .            (no helmet)
rElec   .            B - +1 cloak of the Unveiling Sun {Fort, Range} (curse)
rCorr   +            l - +1 pair of gloves "Ensconced Apathy" {Bglg, Melee} (curse)
SInv    +            (no boots)
Will    +....        K - amulet "Oracle of Ashenzari" {Regen+, Cun, Bglg} (curse)
Stlth   ++++         W - ring of magical power
HPRegen 1.10/turn    R - ring of Ashenzari's Shame {EV+5, Cun, Comp} (curse)
MPRegen 0.27/turn

%: clarity
@: ice-armoured, freezing walls
A: no striking features
a: Renounce Religion, Curse Item, Shatter the Chains


You were on level 2 of the Lair of Beasts.
You worshipped Ashenzari.
Ashenzari was most pleased with you.
You visited 3 branches of the dungeon, and saw 11 of its levels.
You also visited: Sewer.

You collected 634 gold pieces.

Inventory:

Hand Weapons
 x - a +1 dagger
 A - a +0 short sword
 H - a +0 long sword of draining
 U - a +1 heavy spear
 X - the +1 mace of Infinity (weapon) {venom, rCorr}
   (You found it on level 1 of the Lair of Beasts)

   rCorr:     It protects you from acid and corrosion.
Missiles
 t - 5 javelins
 v - 65 stones (quivered)
 F - 2 curare-tipped darts
 G - 3 boomerangs
 M - 6 atropa-tipped darts
Armour
 a - the cursed +1 robe "Scepticism of Ashenzari" (worn) {Self, Elem}

   It has a curse which improves the following skills: Introspection: Fighting
   and Spellcasting.
   Elements:  Fire Magic, Ice Magic, Air Magic and Earth Magic.
 l - the cursed +1 pair of gloves "Ensconced Apathy" (worn) {Bglg, Melee}
   (You found it on level 2 of the Dungeon)

   It has a curse which improves the following skills: Beguiling: Conjurations,
   Hexes and Translocations.
   Melee Combat: Short Blades, Long Blades, Axes, Maces & Flails, Polearms,
   Staves and Unarmed Combat.
 m - the +2 chain mail of Vehumet's Displeasure {rPois Will+}
   (You found it on level 2 of the Dungeon)

   rPois:     It protects you from poison.
   Will:      It increases your willpower.
 u - a +0 buckler
 B - the cursed +1 cloak of the Unveiling Sun (worn) {Fort, Range}
   (You found it on level 4 of the Dungeon)

   It has a curse which improves the following skills: Fortitude: Armour and
   Shields.
   Ranged Combat: Ranged Weapons and Throwing.
 Q - a +0 buckler
 T - a +1 pair of gloves of strength
Jewellery
 c - a ring of flight
 p - a ring of protection from cold
 J - a +6 ring of intelligence
 K - the cursed amulet "Oracle of Ashenzari" (around neck) {Regen+, Cun, Bglg}
   (You found it on level 6 of the Dungeon)

   [amulet of regeneration]

   Regen:     It increases your rate of health regeneration.
   It has a curse which improves the following skills: Cunning: Dodging and
   Stealth.
   Beguiling: Conjurations, Hexes and Translocations.
 O - a ring of willpower
 R - the cursed ring of Ashenzari's Shame (right hand) {EV+5, Cun, Comp}
   (You found it on level 7 of the Dungeon)

   [ring of evasion]

   EV:        It affects your evasion (+5).
   It has a curse which improves the following skills: Cunning: Dodging and
   Stealth.
   Companions: Summonings and Necromancy.
 S - a +6 ring of dexterity
 W - a ring of magical power (left hand)
 Z - a +6 ring of strength
Wands
 r - a wand of mindburst (4)
 I - a wand of flame (4)
 L - a wand of iceblast (22)
Scrolls
 e - 2 scrolls of fog
 g - 3 scrolls of noise
 j - a scroll of revelation
 n - a scroll of amnesia
 q - a scroll of poison
 s - a scroll of silence
 w - 2 scrolls of torment
 y - 2 scrolls of vulnerability
 z - 4 scrolls of enchant weapon
 C - 2 scrolls of fear
 N - 3 scrolls of teleportation
 P - a scroll of butterflies
Potions
 b - a potion of magic
 d - 3 potions of heal wounds
 f - a potion of haste
 h - 3 potions of lignification
 i - 4 potions of might
 k - 6 potions of curing
 o - 2 potions of brilliance
 D - 3 potions of mutation
 E - 6 potions of enlightenment
 V - a potion of resistance
 Y - a potion of cancellation


   Skills:
 - Level 2.7(4.0) Fighting
 + Level 4.8(6.9) Dodging
 - Level 6.8(9.1) Stealth
 + Level 14.0(15.4) Spellcasting
 - Level 8.7(10.2) Summonings
 + Level 12.3(13.8) Ice Magic
 + Level 3.2 Poison Magic


You had 25 spell levels left.
You knew the following spells:

 Your Spells              Type           Power      Damage    Failure   Level
a - Freeze                Ice            100%       1d10      0%          1
b - Frozen Ramparts       Ice            100%       1d16      1%          3
c - Ozocubu's Armour      Ice            69%        N/A       1%          3
d - Summon Ice Beast      Ice/Summ       65%        N/A       1%          4
e - Olgreb's Toxic Radia  Pois           32%        N/A       9%          4

Your spell library contained the following spells:

 Spells                   Type           Power      Damage    Failure   Level
 Summon Small Mammal      Summ           100%       N/A       1%          1
 Apportation              Tloc           38%        N/A       3%          1
 Necrotise                Necr           72%        1d7       3%          1
 Cigotuvi's Dreadful Rot  Necr/Pois/Air  46%        N/A       3%          2
 Dispel Undead            Necr           18%        3d11      30%         4
 Alistair's Intoxication  Tmut/Pois      16%        N/A       43%         5
 Death Channel            Necr           9%         N/A       99%         6
 Discord                  Hex            9%         N/A       100%        8
 Ignition                 Fire           9%         3d5       100%        8


Dungeon Overview and Level Annotations

Branches:
Dungeon (8/15)             Temple (1/1) D:5            Lair (2/5) D:8
  Sewer (visited)
  Swamp: Lair:2-3    Shoals: Lair:2-3     Snake: Lair:2-3    Spider: Lair:2-3

Altars:
Ashenzari
Cheibriados
Gozag
Kikubaaqudgha
Makhleb
Nemelex Xobeh
Okawaru
Qazlal
Ru
Sif Muna
Trog
Uskayaw
Vehumet
Wu Jian
Xom
Yredelemnul
Zin
The Shining One

Annotations:
D:8 3 runed translucent doors, exclusion: ice statue, Gorgondantess's ghost, novice TeAE
Lair:1 3 runed translucent doors, rinse's ghost, journeyman MfGl


Message History

The bullfrog seems to slow down.
Unknown command.
Casting: Ozocubu's Armour (safe; 1% risk of failure)
Confirm with . or Enter, or press ? or * to list all spells.
A chill wind blows around you.
The wall freezes the death yak but does no damage.
The death yak gores you!!
Unknown command.
You hit the death yak but do no damage.
The wall freezes the death yak.
The death yak gores you.
The wall freezes the bullfrog.
The bullfrog seems to slow down.
Your ice beast hits the death yak but does no damage.
You barely miss the death yak.
The death yak is lightly wounded.
The wall freezes the death yak.
The death yak misses you.
Your ice beast hits the death yak but does no damage.
The wall freezes the death yak.
The death yak gores you!
The wall freezes the bullfrog!
You kill the bullfrog!
You hit the death yak.
The death yak is poisoned.
The death yak is lightly wounded.
Your ice beast hits the death yak but does no damage.
The wall freezes the death yak but does no damage.
The death yak barely misses you.
Your ice beast hits the death yak but does no damage.
You hit the death yak but do no damage.
The death yak looks as sick as possible!
The death yak is lightly wounded.
The wall freezes the death yak.
The death yak gores you but does no damage.
Your ice beast hits the death yak but does no damage.
The wall freezes the death yak but does no damage.
The death yak gores you!!
* * * LOW HITPOINT WARNING * * *
You hit the death yak.
The death yak looks as sick as possible!
The death yak is moderately wounded.
Your ice beast barely misses the death yak.
The wall freezes the death yak!
The death yak gores you!
You die...

* ###.....#
#..........##., ##*
##..#P## #.............
P##.####...###
#............. *
...........#.#
##........#.#.
............##
#...........#
..P##.......###
##....##......
.######.......####P..##
##P...
...............##.....#
* ##..
.............Y##@#..###
* .#
..............F##YY### ,
* ##......##..........P#
**,
##.....###..........###
###......#......#...P# ,
* #.....##....PP#.#..##
,*
####...........###.##.##
,* ###......#...#####
#####.##, ....#####.#..#
##.# *


You could see a death yak (extremely poisoned, ally target) and a friendly ice
beast (summoned).

Vanquished Creatures
  2 death yaks
  A skyshark (Lair:2)
  A black mamba (Lair:2)
  A torpor snail (Lair:2)
  Joseph (D:7)
  A cane toad (Lair:1)
  2 komodo dragons
  A troll (D:8)
  8 blink frogs (Lair:1)
  10 yaks
  A wyvern (Lair:2)
  Duvessa (D:7)
  3 water moccasins
  A sky beast (D:7)
  An orc warrior (D:8)
  2 black bears
  An ice beast (D:5)
  3 wolves (Lair:1)
  A centaur (D:8)
  3 ogres
  2 kobold brigands
  7 bullfrogs
  2 gnoll sergeants (D:8)
  A scorpion (D:6)
  Dowan (D:7)
  4 electric eels
  3 hounds
  2 jellies (D:6)
  3 orc priests
  2 sleepcaps
  6 iguanas
  6 orc wizards
  7 gnolls (D:8)
  10 adders
  9 river rats
  A shadow imp (D:5)
  A white imp (D:5)
  2 ufetubi
  5 worms
  4 dart slugs
  23 orcs
  7 ball pythons
  13 bats
  8 endoplasms
  6 giant cockroaches
  8 goblins
  6 hobgoblins
  4 jackals
  11 kobolds
  6 quokkas
  8 frilled lizards
  6 rats
229 creatures vanquished.

Vanquished Creatures (collateral kills)
  2 death yaks
  5 blink frogs
  Menkaure (D:7)
8 creatures vanquished.

Grand Total: 237 creatures vanquished

Notes
Turn   | Place    | Note
-------+----------+-------------------------------------------
     0 | D:1      | Zonian the Deep Elf Ice Elementalist began the quest for
                  | the Orb.
     0 | D:1      | Reached XP level 1. HP: 10/10 MP: 6/6
   207 | D:1      | Reached XP level 2. HP: 11/15 MP: 4/8
   617 | D:1      | Found a faded altar of an unknown god.
   977 | D:2      | Reached XP level 3. HP: 16/19 MP: 8/10
  1065 | D:2      | Identified the +2 chain mail of Vehumet's Displeasure
                  | {rPois Will+}
  2093 | D:3      | Reached skill level 4 in Spellcasting
  2163 | D:3      | Reached skill level 5 in Ice Magic
  2458 | D:3      | Reached XP level 4. HP: 24/24 MP: 6/12
  3164 | D:3      | Reached skill level 5 in Spellcasting
  3164 | D:3      | Reached XP level 5. HP: 28/28 MP: 10/14
  3481 | D:4      | Identified the +5 trident "Epufih" {antimagic, Dex+4}
  3738 | D:4      | Reached skill level 6 in Spellcasting
  3738 | D:4      | Reached XP level 6. HP: 11/32 MP: 12/17
  3781 | D:4      | Found a glowing drain.
  3789 | Sewer    | Entered a sewer
  3801 | Sewer    | Learned a level 3 spell: Frozen Ramparts
  3805 | Sewer    | Learned a level 3 spell: Ozocubu's Armour
  4728 | D:5      | Entered Level 5 of the Dungeon
  4732 | D:5      | Found a staircase to the Ecumenical Temple.
  4750 | Temple   | Entered the Ecumenical Temple
  4971 | Temple   | Became a worshipper of Ashenzari the Shackled
  5063 | D:5      | Reached skill level 7 in Spellcasting
  5063 | D:5      | Reached XP level 7. HP: 36/36 MP: 12/19
  5266 | D:5      | Reached skill level 8 in Spellcasting
  5271 | D:5      | Learned a level 4 spell: Summon Ice Beast
  5584 | D:5      | Reached skill level 1 in Summonings
  5750 | D:5      | Found a basalt altar of Yredelemnul.
  5931 | D:6      | Reached XP level 8. HP: 40/41 MP: 17/22
  6458 | D:6      | Reached skill level 9 in Spellcasting
  6500 | D:6      | Reached * piety under Ashenzari
  6628 | D:7      | Noticed Menkaure
  6993 | D:7      | Noticed Joseph
  6999 | D:7      | Killed Joseph
  7000 | D:7      | Reached skill level 10 in Spellcasting
  7274 | D:7      | Found an ornate altar of the Wu Jian Council.
  7340 | D:7      | Reached skill level 5 in Summonings
  7340 | D:7      | Reached XP level 9. HP: 41/45 MP: 25/25
  7410 | D:7      | Noticed Duvessa
  7416 | D:7      | Noticed Dowan
  7437 | D:7      | Killed Duvessa
  7460 | D:7      | Killed Dowan
  7763 | D:7      | Killed Menkaure
  8243 | D:8      | Reached ** piety under Ashenzari
  8338 | D:8      | Noticed a troll
  8347 | D:8      | Killed a troll
  8348 | D:8      | Reached skill level 11 in Spellcasting
  8351 | D:8      | Reached skill level 10 in Ice Magic
  9139 | D:8      | Found a staircase to the Lair.
  9141 | D:8      | Noticed a komodo dragon
  9384 | D:8      | Found a runed translucent gate.
  9384 | D:8      | Found a runed translucent gate.
  9386 | D:8      | Found a runed translucent gate.
  9387 | D:8      | Noticed Gorgondantess's ghost (novice TeAE)
  9387 | D:8      | Noticed a ten-headed hydra
  9387 | D:8      | Identified the +3 scimitar "Ogreslayer" {protect, Str+3
                  | Int-3 Dex+5}
  9696 | D:8      | Killed a komodo dragon
  9850 | D:8      | Noticed an ice statue
  9941 | Lair:1   | Entered Level 1 of the Lair of Beasts
  9968 | Lair:1   | Noticed a catoblepas
 10036 | Lair:1   | Reached XP level 10. HP: 50/50 MP: 22/27
 10038 | Lair:1   | Reached skill level 12 in Spellcasting
 10555 | Lair:1   | Reached skill level 5 in Stealth
 10681 | Lair:1   | Reached skill level 13 in Spellcasting
 10731 | Lair:1   | Identified the +1 mace of Infinity {venom, rCorr}
 10905 | Lair:1   | Noticed a cane toad
 10905 | Lair:1   | Noticed rinse's ghost (journeyman MfGl)
 10906 | Lair:1   | Noticed a minotaur
 10948 | Lair:1   | Found a runed translucent gate.
 10948 | Lair:1   | Found a runed translucent gate.
 10948 | Lair:1   | Found a runed translucent gate.
 10954 | Lair:1   | Reached *** piety under Ashenzari
 10984 | Lair:1   | Noticed a cane toad
 10997 | Lair:1   | Killed a cane toad
 11687 | Lair:2   | Noticed a black mamba
 11732 | Lair:2   | Noticed a death yak
 11733 | Lair:2   | Noticed a death yak
 11733 | Lair:2   | Noticed a death yak
 11747 | Lair:2   | Killed a death yak
 11748 | Lair:2   | Reached skill level 1 in Fighting
 11748 | Lair:2   | Reached XP level 11. HP: 24/57 MP: 27/31
 11793 | Lair:2   | Noticed a death yak
 11794 | Lair:2   | Noticed a death yak
 11866 | Lair:2   | Noticed a death yak
 11917 | Lair:2   | Noticed a skyshark
 11925 | Lair:2   | Killed a skyshark
 12228 | Lair:2   | Learned a level 4 spell: Olgreb's Toxic Radiance
 12325 | Lair:2   | Reached skill level 1 in Poison Magic
 12424 | Lair:2   | Killed a death yak
 12584 | Lair:2   | Noticed a death yak
 12682 | Lair:2   | Noticed a catoblepas
 12953 | Lair:1   | Killed a death yak
 13131 | Lair:1   | Killed a death yak
 13132 | Lair:1   | Reached skill level 14 in Spellcasting
 13184 | Lair:2   | Slain by a death yak

Illustrated notes

Levels and vault maps discovered:
D:1:      ebering_trefoil_3fold, layout_rooms,
          dreamdust_ecumenical_altar_hidden_monk_grotto,
          minmay_misc_feat_rugged, minmay_tromino_v4_c
D:2:      layout_loops_corners
D:3:      layout_basic
D:4:      layout_rooms, lightli_sewer_entry_pipes, nicolae_the_louvre
D:5:      layout_rooms, lemuel_coloured_pillars_altar,
          minmay_temple_entry_glassed_door, serial_glass, glass_columns_c,
          glass_columns_b, minmay_misc_feat_more_columns
D:6:      layout_gridville
D:7:      layout_rooms, mainiacjoe_overflow_paths, minmay_statues_item,
          kennysheep_decorative_pillar, uniq_joseph, uniq_menkaure, uniq_duvessa
D:8:      statuecave_lemuel, layout_basic, david_lair_shrubbed,
          gammafunk_ghost_hydra_chop
Temple:   nicolae_temple_elliptical
Lair:1:   layout_cave_pods, maelrawn_ghost_gauntlet_escape,
          chequers_serial_rivers_micro_e
Lair:2:   layout_layer_cave, minmay_shoals_entry_hut,
          spider_nest_entry_funnel_web, portal_ice_cave_rime, grunt_megastairs_5

Skill      XL: |  1  2  3  4  5  6  7  8  9 10 11 |
---------------+----------------------------------+-----
Stealth        | 3 6 |  6.8
Dodging        | 3 4 |  4.8
Spellcasting   | 4 5 6 7 8 10 11 13 14 | 14.0
Ice Magic      | 5 6 7 8 9 10 11 12 | 12.3
Summonings     | 2 5 7 8 |  8.7
Fighting       | 1 2 |  2.7
Poison Magic   | 3 |  3.2

Action                     |  1- 3 |  4- 6 |  7- 9 | 10-12 || total
---------------------------+-------+-------+-------+-------++-------
  Melee: Unarmed           |    34 |       |       |       ||    34
         Dagger            |     3 |   115 |   227 |    36 ||   381
         Punch             |     1 |       |     1 |     4 ||     6
         Mace              |       |       |       |    88 ||    88
  Throw: Stone             |     8 |     9 |     8 |     4 ||    29
         Dart              |       |       |     2 |       ||     2
   Cast: Freeze            |    76 |    84 |    21 |    28 ||   209
         Frozen Ramparts   |       |     5 |    32 |    18 ||    55
         Ozocubu's Armour  |       |     1 |     6 |     7 ||    14
         Summon Ice Beast  |       |       |     1 |     8 ||     9
 Invoke: Curse Item        |       |       |     4 |     1 ||     5
  Evoke: Wand              |       |       |    18 |     1 ||    19
    Use: Scroll            |     2 |     8 |     4 |     1 ||    15
         Potion            |       |       |     1 |       ||     1
   Stab: Sleeping          |     1 |    12 |     4 |     3 ||    20
         Distracted        |       |       |       |     1 ||     1
 Armour: Robe              |    20 |    37 |    62 |    26 ||   145
  Dodge: Dodged            |    66 |   140 |   196 |   144 ||   546

Table legend: (Time is in decaauts)
 A = Elapsed time spent in this place.
 B = Non-inter-level travel time spent in this place.
 C = Inter-level travel time spent in this place.
 D = Time resting spent in this place.
 E = Time spent auto-exploring this place.
 F = Levels seen in this place.
 G = Mean time per level.
                   A        B        C        D        E       F      G
               +--------+--------+--------+--------+--------+-----+--------+
         Total |  13232 |  12562 |    670 |   3504 |   5093 |  12 | 1102.7 |
       Dungeon |   8991 |   8507 |    484 |   1926 |   4120 |   8 | 1123.9 |
        Temple |    232 |    221 |     11 |     41 |    128 |   1 |  232.0 |
          Lair |   3286 |   3111 |    175 |   1401 |    554 |   2 | 1643.0 |
         Sewer |    722 |    722 |      0 |    136 |    291 |   1 |  722.0 |
               +--------+--------+--------+--------+--------+-----+--------+

Top non-repeatable levels by time:
  Lair:1: 2052 daAuts
     D:8: 1715 daAuts
     D:3: 1301 daAuts
  Lair:2: 1233 daAuts
     D:6: 1220 daAuts
     D:2: 1126 daAuts
     D:7: 1106 daAuts
     D:5: 942 daAuts
     D:1: 942 daAuts
   Sewer: 722 daAuts
     D:4: 635 daAuts
  Temple: 232 daAuts
